Map: King's Cove LE

Players

Marinelord - Winner!

  • Race: Terran Terran
  • Spawn Location: 5:00

Gerald

  • Race: Protoss Protoss
  • Spawn Location: 11:00

Event: 2019 WCS Spring

VOD

Have the link to the VOD?

Description

Time

  • Played on: May 17, 2019, 10:51 a.m.
  • Length: 10:11

All games in this series

Show
View Real Time Build Order
Export as new Build Order

Marinelord Terran - Winner!

Build Orders:  

Get SALT Encoding   

  12  0:00  SCV  
  13  0:12  SCV  
  14  0:18  Supply Depot  
  14  0:24  SCV  
  15  0:39  SCV  
  15  0:42  Barracks  
  16  0:47  Refinery  
  16  0:51  SCV  
  17  0:57  Refinery  
  17  1:03  SCV  
  18  1:16  SCV  
  19  1:28  Orbital Command  
  19  1:29  Reaper  
  20  1:48  Factory  
  20  1:50  Supply Depot  
  20  1:54  SCV  
  21  2:02  Reaper  
  21  2:06  SCV  
  23  2:19  SCV  
  24  2:31  SCV  
  24  2:32  Factory Tech Lab  
  25  2:42  Command Center  
  25  2:52  SCV, Starport  
  25  2:58  Supply Depot  
  26  3:04  SCV  
  27  3:06  Cyclone  
  30  3:16  SCV  
  31  3:29  SCV  
  31  3:30  Starport Tech Lab  
  32  3:41  SCV, Cyclone  
  35  3:53  SCV  
  35  3:54  Orbital Command, Banshee  
  39  4:06  SCV  
  40  4:18  SCV  
  40  4:19  Command Center  
  40  4:20  SCV  
  42  4:28  Cyclone  
  42  4:29  Barracks Reactor  
  42  4:30  SCV  
  46  4:31  Mag-Field Accelerator  
  46  4:32  SCV  
  46  4:35  Bunker  
  43  4:41  Viking  
  45  4:46  SCV x2  
  45  4:50  Refinery  
  45  4:51  Refinery  
  47  4:53  Supply Depot  
  47  4:58  SCV x2  
  49  5:01  Cyclone  
  49  5:05  Marine x2  
  54  5:15  Viking, SCV x2  
  54  5:16  Supply Depot  
  58  5:22  Marine  
  58  5:23  Marine  
  58  5:27  SCV x2  
  62  5:34  Cyclone  
  65  5:37  Orbital Command  
  65  5:39  SCV x2  
  65  5:40  Marine x2  
  66  5:51  SCV, Factory  
  66  5:52  SCV  
  66  5:53  Factory  
  68  5:59  Supply Depot  
  68  6:00  Orbital Command  
  68  6:02  Marine x2  
  68  6:03  SCV  
  71  6:06  Cyclone  
  71  6:09  Viking  
  76  6:12  SCV  
  76  6:15  SCV  
  75  6:24  SCV  
  75  6:27  SCV x2  
  77  6:36  SCV  
  77  6:38  Cyclone  
  77  6:39  Viking, SCV x2  
  85  6:42  Cyclone  
  85  6:46  Refinery x2  
  88  6:48  SCV  
  88  6:50  Supply Depot  
  88  6:51  SCV  
  88  6:52  SCV  
  91  7:00  SCV  
  92  7:04  SCV, Supply Depot  
  92  7:06  Supply Depot  
  93  7:12  SCV x2, Hellion x2  
  98  7:16  SCV  
  98  7:24  SCV x2  
  98  7:26  Cyclone x2  
  98  7:28  SCV  
  105  7:36  SCV x2  
  107  7:40  SCV, Supply Depot  
  107  7:42  Barracks Reactor  
  107  7:44  Starport Tech Lab, Factory  
  108  7:45  Factory  
  108  7:48  SCV x2  
  110  7:52  SCV  
  110  7:53  Engineering Bay  
  110  7:55  Supply Depot x2  
  107  8:00  SCV x2  
  107  8:04  SCV  
  107  8:05  Cyclone x2  
  107  8:06  Widow Mine x2  
  107  8:12  SCV  
  113  8:13  SCV  
  113  8:16  SCV  
  110  8:24  SCV  
  110  8:25  SCV  
  112  8:30  Hellion x2  
  114  8:34  SCV  
  114  8:35  Armory  
  114  8:37  Armory, Cyclone  
  114  8:38  Cyclone  
  120  8:42  Hellion x2  
  123  8:50  Supply Depot x2  
  123  8:51  Supply Depot  
  123  8:52  Starport Reactor  
  123  8:54  Command Center  
  123  8:56  Hellion x2  
  123  8:57  Cyclone  
  130  9:03  SCV x2  
  130  9:04  SCV  
  133  9:10  Cyclone x2  
  133  9:11  Hellion x2  
  133  9:15  SCV x2  
  133  9:16  SCV  
  144  9:27  SCV x2, Hellion x2  
  144  9:28  SCV  
  144  9:29  Cyclone  
  157  9:38  Refinery x2  
  157  9:39  SCV  
  157  9:40  SCV  
  157  9:43  Hellion  
  164  9:46  Hellion  
  164  9:49  Supply Depot  
  164  9:50  SCV, Supply Depot  
  164  9:51  SCV, Supply Depot  
  161  10:11  Factory x2  
Show
View Real Time Build Order
Export as new Build Order

Gerald Protoss 

Build Orders: Phoenix Opening 

Get SALT Encoding   

  12  0:00  Probe  
  13  0:12  Probe  
  14  0:18  Pylon  
  14  0:23  Probe  
  15  0:32  Probe  
  15  0:38  Gateway  
  15  0:41  Probe  
  16  0:48  Assimilator  
  17  0:53  Probe  
  18  1:05  Probe  
  19  1:17  Probe  
  20  1:26  Zealot, Cybernetics Core  
  22  1:33  Pylon  
  22  1:39  Probe  
  23  1:51  Probe  
  24  2:01  Nexus  
  23  2:04  Probe  
  23  2:07  Assimilator  
  24  2:10  Adept  
  24  2:14  Warp Gate  
  26  2:21  Probe  
  26  2:32  Adept  
  26  2:34  Probe  
  28  2:46  Probe  
  29  2:52  Stargate  
  29  2:57  Pylon  
  28  2:59  Probe  
  29  3:13  Probe  
  29  3:16  Probe  
  29  3:19  Adept  
  33  3:25  Probe  
  34  3:28  Probe  
  34  3:29  Phoenix  
  35  3:39  Probe  
  35  3:40  Probe  
  39  3:46  Phoenix  
  39  3:48  Pylon  
  39  3:51  Probe  
  43  3:55  Probe  
  43  4:03  Probe  
  43  4:07  Probe  
  43  4:08  Robotics Facility  
  45  4:13  Stalker  
  47  4:17  Probe  
  48  4:24  Probe  
  49  4:33  Probe  
  49  4:35  Phoenix, Shield Battery  
  49  4:37  Probe, Shield Battery  
  51  4:41  Assimilator  
  51  4:43  Assimilator  
  53  4:49  Probe x2  
  53  4:51  Observer  
  55  4:58  Phoenix  
  56  5:01  Probe x2  
  60  5:09  Forge  
  60  5:12  Twilight Council  
  60  5:13  Probe  
  60  5:14  Probe  
  62  5:26  Pylon  
  62  5:33  Pylon, Blink  
  62  5:44  Observer, Probe x2  
  62  5:46  Nexus  
  62  5:48  Pylon  
  65  5:54  Protoss Ground Weapons Level 1  
  65  5:59  Probe x2  
  67  6:06  Robotics Bay  
  67  6:07  Pylon  
  67  6:11  Probe  
  67  6:12  Probe  
  69  6:22  Stalker  
  69  6:24  Probe  
  72  6:27  Probe, Pylon  
  73  6:36  Probe  
  73  6:39  Probe  
  73  6:44  Gateway  
  73  6:46  Gateway  
  73  6:48  Stalker, Probe  
  73  6:52  Probe  
  77  6:55  Disruptor  
  77  7:00  Probe  
  81  7:04  Probe  
  82  7:14  Stalker  
  81  7:21  Disruptor  
  74  7:41  Pylon  
  74  7:43  Nexus  
  74  7:46  Stalker x2  
  74  7:47  Stalker  
  74  7:48  Nexus  
  80  7:53  Disruptor  
  78  8:15  Probe  
  78  8:19  Stalker x3  
  74  8:22  Disruptor  
  74  8:46  Stalker x3  
  74  8:47  Gateway  
  74  8:48  Gateway  
  80  8:49  Pylon  
  80  8:50  Probe  
  80  8:51  Probe  
  82  8:56  Nexus, Disruptor  
  82  8:57  Probe  
  82  8:58  Probe  
  87  9:03  Probe  
  87  9:05  Probe  
  86  9:10  Stalker x3  
  88  9:23  Disruptor  
  75  9:35  Stalker x3  
  72  9:54  Probe  
  72  9:55  Stalker x2  
Tags
 
Add a new tag
Caveats
  • Supply blocks, unpowered buildings, or Contaminate may cause inaccurate times.
  • Supply counts are checked every 10 seconds.